 Dungeon Crawl Stone Soup version 0.29-a0-911-g88e6f02907 (webtiles) character file.

Game seed: 18046527500592650861

238 Turgor the Chopper (level 5, -7/42 HPs)
             Began as a Demonspawn Gladiator on July 25, 2022.
             Was a Follower of Uskayaw.
             Mangled by a gnoll
             ... wielding a +0 spear
              (8 damage)
             ... on level 2 of the Dungeon.
             The game lasted 00:08:19 (1215 turns).

Turgor the Chopper (Demonspawn Gladiator)           Turns: 1215, Time: 00:08:19

Health: -7/42      AC:  4    Str: 16    XL:     5   Next: 78%
Magic:  5/5        EV: 12    Int: 10    God:    Uskayaw [*.....]
Gold:   84         SH:  0    Dex: 14    Spells: 4/4 levels left

rFire   . . .      SeeInvis .   a - +0 war axe
rCold   . . .      Faith    .   (no shield)
rNeg    . . .      Spirit   .   b - +0 leather armour
rPois   .          Reflect  .   (helmet restricted)
rElec   .          Harm     .   (no cloak)
rCorr   .          Rampage  .   (no gloves)
Will    .....                   g - +0 pair of boots
Stlth   +.........              (no amulet)
HPRegen 0.14/turn               (no ring)
MPRegen 0.09/turn               (no ring)

@: no status effects
A: antennae 1, demonic guardian 1
a: Renounce Religion, Stomp


You were on level 2 of the Dungeon.
You worshipped Uskayaw.
Uskayaw was noncommittal.
You visited 1 branch of the dungeon, and saw 2 of its levels.

You collected 84 gold pieces.

Inventory:

Hand Weapons
 a - a +0 war axe (weapon)
Missiles
 d - 2 throwing nets (quivered)
 e - a javelin
Armour
 b - a +0 leather armour (worn)
 c - a +0 helmet
 g - a +0 pair of boots (worn)
Scrolls
 f - a scroll of torment {unknown}
 h - a scroll of amnesia {unknown}
 i - 3 scrolls of magic mapping {unknown}
 m - a scroll of identify {unknown}
 o - a scroll of immolation
Potions
 j - a potion of ambrosia {unknown}
 k - a potion of haste {unknown}
 l - 4 potions of curing {unknown}
 n - a potion of attraction {unknown}


   Skills:
 + Level 3.8 Fighting
 * Level 5.1 Axes
 - Level 2.0 Throwing
 - Level 2.6 Dodging


You had 4 spell levels left.
You didn't know any spells.
Your spell library was empty.

Dungeon Overview and Level Annotations

Branches:
Dungeon (2/15)

Altars:
Uskayaw


Innate Abilities, Weirdness & Mutations

You have a pair of small antennae on your head.
A weak demonic guardian rushes to your aid.


Message History

There is an open door here.
You open the door.
There is an open door here.
You open the door.
There is an open door here.
You open the door.
There is an open door here.
You open the door.
There is an open door here.
As you open the door, it creaks loudly!
You open the door.
An endoplasm comes into view.
There is an open door here. 4 gnolls come into view.
The gnoll shouts! x3
The endoplasm quivers.
The endoplasm barely misses you.
The gnoll shouts!
You slash the endoplasm!
You kill the endoplasm!
The gnoll misses you. The gnoll hits you with a +0 spear.
Okay, then.
You closely miss the gnoll. The gnoll hits you with a +0 spear!
You hit the gnoll but do no damage. The gnoll barely misses you.
The gnoll hits you but does no damage. The gnoll misses you.
You closely miss the gnoll. The gnoll hits you but does no damage.
The gnoll barely misses you. The gnoll hits you with a +0 flail!
You barely miss the gnoll. The gnoll barely misses you.
The gnoll hits you from afar with a +0 spear!
The gnoll closely misses you.
You closely miss the gnoll. The gnoll barely misses you. The gnoll misses you.
The gnoll hits you with a +0 flail!
* * * LOW HITPOINT WARNING * * *
The gnoll hits you from afar with a +0 spear.
* * * LOW HITPOINT WARNING * * *
A demonic guardian appears!
The gnoll hits you with a +0 flail.
* * * LOW HITPOINT WARNING * * *
The gnoll hits you from afar with a +0 spear!
You die...

# #.####.
..#..#####.####.
#................
#.#######'####### #.#
#.# # #.# #####.##### #
# #.# #...'.'...# #
..###g##.# #.###.###.# #
....ggg@.# #.# #.# #.# #
.#######.###'###.###'###
#.5.............+
#.###'###.###'### #.#
#.# #.# #.# # #.#
#.###.###.# # ..#
#...'.'...# # ..#
#####.##### # .#.# #.# #


You could see 4 gnolls and a friendly quasit (summoned).

Vanquished Creatures
  Sigmund (D:2)
  Jessica (D:2)
  A dart slug (D:2)
  4 ball pythons (D:1)
  4 endoplasms
  2 giant cockroaches (D:1)
  A goblin (D:1)
  A hobgoblin (D:1)
  6 jackals
  3 kobolds (D:1)
  2 quokkas (D:1)
  7 bats (D:1)
  3 frilled lizards (D:1)
36 creatures vanquished.

Vanquished Creatures (collateral kills)
  A quokka (D:1)
1 creature vanquished.

Grand Total: 37 creatures vanquished

Notes
Turn   | Place    | Note
-------+----------+-------------------------------------------
     0 | D:1      | Turgor the Demonspawn Gladiator began the quest for the
                  | Orb.
     0 | D:1      | Reached XP level 1. HP: 16/16 MP: 1/1
   217 | D:1      | Reached skill level 3 in Axes
   259 | D:1      | Gained mutation: A weak demonic guardian rushes to your
                  | aid. [demonic ancestry]
   259 | D:1      | Reached XP level 2. HP: 22/22 MP: 2/2
   689 | D:1      | Found a faded altar of an unknown god.
   737 | D:1      | Reached XP level 3. HP: 27/28 MP: 3/3
   813 | D:1      | Prayed at the altar of an unknown god.
   813 | D:1      | Became a worshipper of Uskayaw the Reveller
   813 | D:1      | Reached * piety under Uskayaw
  1024 | D:2      | Noticed Jessica
  1031 | D:2      | Killed Jessica
  1031 | D:2      | Reached ** piety under Uskayaw
  1050 | D:2      | Noticed Sigmund
  1052 | D:2      | Reached *** piety under Uskayaw
  1056 | D:2      | Killed Sigmund
  1056 | D:2      | Reached **** piety under Uskayaw
  1057 | D:2      | Reached skill level 5 in Axes
  1057 | D:2      | Gained mutation: You have a pair of small antennae on your
                  | head. [demonic ancestry]
  1057 | D:2      | Reached XP level 4. HP: 35/37 MP: 4/4
  1057 | D:2      | Reached XP level 5. HP: 40/42 MP: 5/5
  1215 | D:2      | HP: 1/42 [gnoll/+0 flail (4)]
  1215 | D:2      | Mangled by a gnoll

Illustrated notes

Levels and vault maps discovered:
D:1:      tarquinn_simple_flora_water_b, layout_loops_ring,
          hellmonk_ecumenical_altar_blasted
D:2:      layout_loops_corners, serial_shops, shop, minmay_door_square,
          roderic_serpentine_path, nicolae_concentric_dashed_squares_wild,
          minmay_pentomino_s2, uniq_sigmund, uniq_jessica

Skill      XL: |  1  2  3 |
---------------+----------+-----
Axes           | 3 5 |  5.1
Throwing       | 2 |  2.0
Fighting       | 3 |  3.8
Dodging        | |  2.6

Action                   |  1- 3 |  4- 6 || total
-------------------------+-------+-------++-------
Melee: War axe           |   111 |    27 ||   138
Throw: Throwing net      |     1 |       ||     1
 Stab: Paralysed         |     1 |       ||     1
Armor: Leather armour    |    49 |    18 ||    67
Dodge: Dodged            |   112 |    24 ||   136

Table legend: (Time is in decaauts)
 A = Elapsed time spent in this place.
 B = Non-inter-level travel time spent in this place.
 C = Inter-level travel time spent in this place.
 D = Time resting spent in this place.
 E = Time spent auto-exploring this place.
 F = Levels seen in this place.
 G = Mean time per level.
                   A        B        C        D        E       F      G
               +--------+--------+--------+--------+--------+-----+--------+
         Total |   1259 |   1239 |     20 |      0 |    896 |   2 |  629.5 |
       Dungeon |   1259 |   1239 |     20 |      0 |    896 |   2 |  629.5 |
               +--------+--------+--------+--------+--------+-----+--------+

Top non-repeatable levels by time:
     D:1: 1042 daAuts
     D:2: 217 daAuts
